 Dungeon Crawl Stone Soup version 0.27.1-34-g3ba077fa99 (webtiles) character file.

Game seed: 18089098655538251185

2689 growler the Zephyrmancer (level 9, -2/45 HPs)
             Began as a Tengu Air Elementalist on Jan 26, 2022.
             Was a Follower of Vehumet.
             Asphyxiated
             ... on level 8 of the Dungeon.
             The game lasted 00:19:23 (10939 turns).

growler the Zephyrmancer (Tengu Air Elementalist)  Turns: 10939, Time: 00:19:24

Health: -2/45      AC:  5    Str:  8    XL:     9   Next: 64%
Magic:  0/17       EV: 14    Int: 19    God:    Vehumet [*.....]
Gold:   417        SH:  5    Dex: 15    Spells: 8/18 levels left

rFire    . . .     SeeInvis +   e - staff of conjuration {!a}
rCold    . . .     Faith    .   w - +0 buckler
rNeg     . . .     Spirit   .   a - +0 robe
rPois    .         Reflect  .   (helmet restricted)
rElec    .         Harm     .   j - +0 cloak
rCorr    .         Rampage  .   r - +1 pair of gloves
Will     .....                  (boots unavailable)
Stlth    ++........             (no amulet)
HPRegen  0.15/turn              z - ring of see invisible
MPRegen  0.15/turn              (no ring)

@: lethally poisoned (-2 -> -23), about to teleport, flying quickly and
evasively, slowed, very slow
A: beak, talons 3, nimble flight
a: Renounce Religion


You were on level 8 of the Dungeon.
You worshipped Vehumet.
Vehumet was aware of your devotion.
You visited 2 branches of the dungeon, and saw 9 of its levels.

You collected 417 gold pieces.

Inventory:

Armour
 a - a +0 robe (worn)
 j - a +0 cloak (worn)
   (You found it on level 5 of the Dungeon)
 r - a +1 pair of gloves (worn)
   (You found it on level 5 of the Dungeon)
 u - a +2 kite shield
   (You found it on level 6 of the Dungeon)
 w - a +0 buckler (worn)
   (You found it on level 1 of the Dungeon)
 B - the +2 ring mail "Zasych" {rF+++ rC+ Int-4 Dex+4}
   (You found it on level 7 of the Dungeon)

   Int:       It affects your intelligence (-4).
   Dex:       It affects your dexterity (+4).
   rF:        It renders you almost immune to fire.
   rC:        It protects you from cold.
Magical Staves
 e - a staff of conjuration (weapon) {!a}
   (You found it on level 6 of the Dungeon)
Jewellery
 z - a ring of see invisible (left hand)
   (You found it on level 6 of the Dungeon)
 C - a ring of fire
   (You found it on level 8 of the Dungeon)
Wands
 d - a wand of iceblast (10)
   (You found it on level 6 of the Dungeon)
 t - a wand of polymorph (10)
   (You found it on level 5 of the Dungeon)
Scrolls
 b - a scroll of amnesia {unknown}
 g - a scroll of fear
 h - a scroll of acquirement {unknown}
 i - 4 scrolls of teleportation {@r4}
 k - a scroll of summoning {unknown}
 m - a scroll of immolation {unknown}
 q - a scroll of enchant weapon {unknown}
 s - 2 scrolls of enchant armour {unknown}
 x - a scroll of fog {unknown}
 y - 2 scrolls of identify {@r1}
Potions
 c - a potion of heal wounds {@q2}
 f - 4 potions of haste {unknown}
 l - 3 potions of attraction {unknown}
 n - 2 potions of degeneration {unknown}
 o - 2 potions of curing {@q1}
 p - a potion of brilliance
 v - 2 potions of lignification {unknown}
 A - a potion of mutation {unknown}
 D - a potion of cancellation {unknown}


   Skills:
 - Level 2.1 Dodging
 - Level 2.0 Stealth
 - Level 4.0 Shields
 - Level 5.0 Spellcasting
 - Level 9.0 Conjurations
 + Level 11.8 Air Magic


You had 8 spell levels left.
You knew the following spells:

 Your Spells              Type           Power      Damage    Failure   Level
a - Shock                 Conj/Air       100%       1d9       1%          1
b - Airstrike             Air            24%        N/A       1%          4
d - Static Discharge      Conj/Air       61%        N/A       1%          2
s - Swiftness             Air            49%        N/A       1%          3

Your spell library contained the following spells:

 Spells                   Type           Power      Damage    Failure   Level
 Freeze                   Ice            16%        1d4       12%         1
 Foxfire                  Conj/Fire      100%       2x1d9     1%          1
 Conjure Flame            Conj/Fire      32%        6-21      6%          3
 Inner Flame              Hex/Fire       4%         N/A       36%         3


Dungeon Overview and Level Annotations

Branches:
Dungeon (8/15)             Temple (1/1) D:6
   Lair: D:8-11

Altars:
Ashenzari
Elyvilon
Fedhas
Gozag
Makhleb
Okawaru
Qazlal
Sif Muna
Trog
Uskayaw
Vehumet
Wu Jian
Xom
Yredelemnul
The Shining One

Shops:
D:2 !


Innate Abilities, Weirdness & Mutations

You have a beak for a mouth.
You have claws for feet.
Your magical nature lets you fly swiftly and evasively.


Message History

A kobold brigand comes into view.
It is wielding a +0 dagger and quivering curare-tipped darts.
The kobold throws a stone.
The stone hits you but does no damage.
A kobold comes into view. It is wielding a +0 dagger.
Aim: a kobold, wielding a +0 short sword and quivering poisoned darts The air twists around and strikes the kobold!
You kill the kobold!
Vehumet accepts your kill.
The centaur wields a +0 shortbow.
The centaur shoots an arrow.
The arrow hits you!
A kobold comes into view. It is wielding a +0 dagger.
The centaur shoots an arrow.
The arrow hits you!
Okay, then.
The centaur unwields a +0 shortbow.
You block the centaur's attack. The centaur closely misses you.
You feel a surge of power!
The centaur is struck by an arc of lightning.
You are struck by an arc of lightning.
* * * LOW HITPOINT WARNING * * *
The lightning grounds out.
The centaur hits you.
* * * LOW HITPOINT WARNING * * *
The centaur kicks you but does no damage.
The centaur barely misses you. The centaur closely misses you.
You feel a surge of power!
The centaur is struck by an arc of lightning!
You are struck by an arc of lightning.
* * * LOW HITPOINT WARNING * * *
The centaur is struck by an arc of lightning!
You are struck by an arc of lightning.
* * * LOW HITPOINT WARNING * * *
The lightning grounds out.
The centaur misses you. The centaur closely misses you.
The mass of ice explodes!
The iceblast engulfs the centaur!
You kill the centaur!
Vehumet accepts your kill.
You hear a shout!
The kobold brigand throws a curare-tipped dart.
The curare-tipped dart hits you.
You are poisoned.
You have difficulty breathing.
* * * LOW HITPOINT WARNING * * *
You feel yourself slow down.
As you read the scroll of teleportation {@r4}, it crumbles to dust.
You feel strangely unstable.
* * * LOW HITPOINT WARNING * * *
You feel very sick.
The kobold brigand throws a curare-tipped dart.
The curare-tipped dart hits you.
You are more poisoned.
You have difficulty breathing.
You die...

##...##
#...)## .#
##.)).## #.
##..).## .#
##....##.#
#.......#
##....)##
##....#
###..@.##
#....#).## #
#....#####..##
#.. ..###
##..## .... #
# ##..#
##...c. ...
##.##.....KK
.##
##KK....K.. .#
##....K... #
##.......


You could see a kobold brigand and a kobold.

Vanquished Creatures
  A deep elf pyromancer (D:8)
  A steam dragon (D:7)
  An ice beast (D:6)
  2 orc warriors
  An ogre (D:4)
  5 centaurs
  A phantom (D:4)
  A kobold brigand (D:7)
  4 bullfrogs
  A scorpion (D:6)
  A wight (D:7)
  A howler monkey (D:7)
  A centaur zombie (D:6)
  3 hounds
  3 bullfrog zombies
  A centaur skeleton (D:7)
  2 gnoll shamans
  2 orc priests
  2 iguanas
  Natasha (thrice) (D:4)
  2 orc wizards (D:8)
  2 hound skeletons
  6 adders
  10 gnolls
  A white imp (D:8)
  2 adder skeletons (D:4)
  2 worms
  2 dart slugs
  11 orcs
  5 ball pythons
  8 endoplasms
  5 giant cockroaches
  7 goblins
  3 hobgoblins
  2 jackals (D:3)
  13 kobolds
  4 quokkas
  4 bats
  8 frilled lizards
  4 rats
138 creatures vanquished.

Vanquished Creatures (others)
  11 fungi (D:4)
  A plant (D:4)
12 creatures vanquished.

Grand Total: 150 creatures vanquished

Notes
Turn   | Place    | Note
-------+----------+-------------------------------------------
     0 | D:1      | growler the Tengu Air Elementalist began the quest for the
                  | Orb.
     0 | D:1      | Reached XP level 1. HP: 10/10 MP: 4/4
   422 | D:1      | Reached XP level 2. HP: 15/15 MP: 3/6
   573 | D:1      | Learned a level 2 spell: Static Discharge
  1160 | D:2      | Found Ugen's Distillery.
  1353 | D:2      | Reached XP level 3. HP: 15/19 MP: 3/7
  1358 | D:2      | Learned a level 3 spell: Swiftness
  1494 | D:2      | Found a stormy altar of Qazlal.
  1877 | D:2      | Found a faded altar of an unknown god.
  2200 | D:3      | Reached XP level 4. HP: 23/24 MP: 0/9
  2637 | D:3      | Reached skill level 5 in Air Magic
  3409 | D:3      | Found a hide-covered altar of Uskayaw.
  3497 | D:4      | Gained mutation: Your magical nature lets you fly swiftly
                  | and evasively. [Tengu growth]
  3497 | D:4      | Reached XP level 5. HP: 12/28 MP: 0/10
  3502 | D:4      | Learned a level 4 spell: Airstrike
  3619 | D:4      | Noticed Natasha
  3695 | D:4      | Killed Natasha
  3842 | D:4      | Noticed Natasha
  3847 | D:4      | Killed Natasha
  4110 | D:4      | Noticed Natasha
  4120 | D:4      | Killed Natasha
  4121 | D:4      | Reached XP level 6. HP: 15/32 MP: 0/12
  4364 | D:4      | Reached skill level 6 in Air Magic
  4542 | D:4      | Reached skill level 5 in Conjurations
  4722 | D:4      | Found a glowing golden altar of the Shining One.
  5195 | D:4      | Found a blossoming altar of Fedhas.
  5266 | D:5      | Entered Level 5 of the Dungeon
  5280 | D:5      | Reached XP level 7. HP: 17/36 MP: 1/14
  5632 | D:5      | Reached skill level 7 in Air Magic
  6055 | D:5      | Found a bloodstained altar of Trog.
  6778 | D:6      | Found a staircase to the Ecumenical Temple.
  6790 | Temple   | Entered the Ecumenical Temple
  6953 | Temple   | Became a worshipper of Vehumet
  7386 | D:6      | Reached XP level 8. HP: 32/41 MP: 7/16
  7392 | D:6      | Reached skill level 5 in Spellcasting
  7392 | D:6      | Reached skill level 8 in Air Magic
  7683 | D:6      | Reached skill level 1 in Shields
  9004 | D:7      | Found an ornate altar of the Wu Jian Council.
  9175 | D:7      | Reached skill level 9 in Air Magic
  9408 | D:7      | Found an ornate altar of the Wu Jian Council.
  9785 | D:7      | Identified the +2 ring mail "Zasych" {rF+++ rC+ Int-4
                  | Dex+4}
  9870 | D:7      | Reached XP level 9. HP: 45/45 MP: 4/17
 10259 | D:8      | Noticed a deep elf pyromancer
 10262 | D:8      | Killed a deep elf pyromancer
 10263 | D:8      | Reached skill level 10 in Air Magic
 10413 | D:8      | Reached skill level 11 in Air Magic
 10873 | D:8      | Reached * piety under Vehumet
 10873 | D:8      | Offered knowledge of Freeze by Vehumet.
 10939 | D:8      | Asphyxiated

Illustrated notes

Levels and vault maps discovered:
D:1:      grunt_arrival_crossed_arrows, layout_basic
D:2:      layout_basic, dreamdust_ecumenical_altar_statues, basic_altar,
          serial_shops, nicolae_shop_behind_doors
D:3:      layout_loops_ring, marbit_many_paths
D:4:      layout_rooms, mainiacjoe_overflow_brackets, fedhas_altar_3,
          minmay_distorted, uniq_natasha
D:5:      layout_basic, general_overflow_altar
D:6:      layout_layer_cave, minmay_temple_entry_trees
D:7:      layout_loops_corners, nzn_wu_jian_contemplation,
          minmay_misc_feat_square, minmay_misc_feat_ornament,
          kennysheep_flooded_box, kennysheep_generic_room_6
D:8:      layout_cave_pods, nemelex_xobeh_ov_fountains_minmay
Temple:   nicolae_temple_figure_eight

Skill      XL: |  1  2  3  4  5  6  7  8  9 |
---------------+----------------------------+-----
Conjurations   | 2 3 4 5 6 8 9 |  9.0
Air Magic      | 5 6 7 9 11 | 11.8
Spellcasting   | 3 4 5 |  5.0
Shields        | 3 4 |  4.0
Dodging        | |  2.1
Stealth        | |  2.0

Action                   |  1- 3 |  4- 6 |  7- 9 || total
-------------------------+-------+-------+-------++-------
Melee: Unarmed           |     6 |     9 |     6 ||    21
       Kick              |     4 |     1 |     5 ||    10
       Peck              |     3 |     1 |     8 ||    12
       Staff             |       |       |    22 ||    22
 Cast: Shock             |    58 |    35 |    16 ||   109
       Static Discharge  |    12 |    46 |    33 ||    91
       Airstrike         |       |     5 |    55 ||    60
Evoke: Wand              |       |       |     1 ||     1
  Use: Scroll            |       |       |     6 ||     6
Armor: Robe              |     4 |     6 |    17 ||    27
Dodge: Dodged            |    13 |    21 |    49 ||    83
Block: Buckler           |       |       |     7 ||     7
